 Dungeon Crawl Stone Soup version 0.19.5 (webtiles) character file.

34 Monsterracer the Conjurer (level 3, -3/21 HPs)
             Began as a High Elf Conjurer on Oct 26, 2017.
             Killed by nerve-wracking pain
             ... invoked by Jessica
              (5 damage)
             ... on level 2 of the Dungeon.
             The game lasted 00:01:08 (1213 turns).

Monsterracer the Conjurer (High Elf Conjurer)       Turns: 1213, Time: 00:01:09

Health: -3/21      AC:  2    Str:  7    XL:     3   Next: 14%
Magic:  2/8        EV: 13    Int: 19    God:
Gold:   65         SH:  0    Dex: 16    Spells: 2 memorised, 5 levels left

rFire  . . .     SeeInvis .     e - +0 short sword
rCold  . . .     Gourm    .     a - +0 robe
rNeg   . . .     Faith    .     (no shield)
rPois  .         Spirit   .     (no helmet)
rElec  .         Reflect  .     (no cloak)
rCorr  .         Harm     .     (no gloves)
MR     .....                    (no boots)
Stlth  ++........               (no amulet)
                                (no ring)
                                (no ring)

@: no status effects
A: no striking features
a: no special abilities


You were on level 2 of the Dungeon.
You were not hungry.

You visited 1 branch of the dungeon, and saw 2 of its levels.

You collected 65 gold pieces.

Inventory:

Hand Weapons
 e - a +0 short sword (weapon)
Armour
 a - a +0 robe (worn)
Scrolls
 d - 2 scrolls of identify {unknown}
 g - 2 scrolls of recharging {unknown}
 h - 2 scrolls of noise {unknown}
 i - a scroll of fog {unknown}
 j - a scroll of magic mapping {unknown}
Potions
 k - a potion of agility {unknown}
Books
 b - a book of Conjurations

   Spells                             Type                      Level
   a - Magic Dart                     Conjuration                  1
   b - Searing Ray                    Conjuration                  2
   c - Dazzling Spray                 Conjuration/Hexes            3
   d - Fulminant Prism                Conjuration/Hexes            4
   e - Iskenderun's Mystic Blast      Conjuration                  4
   f - Iskenderun's Battlesphere      Conjuration/Charms           5
Comestibles
 c - 2 bread rations
 f - 2 chunks of flesh


   Skills:
 - Level 2.1 Dodging
 - Level 2.1 Stealth
 + Level 3.2 Spellcasting
 * Level 5.1 Conjurations


You had 5 spell levels left.
You knew the following spells:

 Your Spells              Type           Power        Failure   Level  Hunger
a - Magic Dart            Conj           ###.         1%          1    None
b - Searing Ray           Conj           ###...       3%          2    ##.....


Dungeon Overview and Level Annotations

Branches:
Dungeon (2/15)

Altars:

Annotations:
D:2 Jessica


Message History

Done exploring.
Done exploring.
Eating one of 2 chunks of flesh.
You start eating one of the 2 chunks of flesh.
You are feeling hungry.
This raw flesh tastes terrible.
There is a stone staircase leading down here.
You climb downwards.
A rat comes into view.
Found a bread ration.
There is a stone staircase leading up here.
A rat is nearby!
Casting: Magic Dart
Confirm with . or Enter, or press ? or * to list all spells.
Aiming: Magic Dart
Press: ? - help, Shift-Dir - straight line, f - rat
Aim: a rat (resting)
The magic dart hits the rat.
You kill the rat!
Magic restored.
c - 2 bread rations (gained 1)
You open the door.
There is an open door here.
h - 2 scrolls labeled WEWOTT QUMO (gained 1)
Found a quarterstaff.
An adder comes into view.
Found a stone staircase leading down.
Casting: Magic Dart
Confirm with . or Enter, or press ? or * to list all spells.
Aiming: Magic Dart
Press: ? - help, Shift-Dir - straight line, f - adder
Aim: an adder (resting)
The magic dart hits the adder.
The adder is lightly wounded.
The adder hisses angrily.
A hobgoblin comes into view. It is wielding a club.
Casting: Magic Dart
Confirm with . or Enter, or press ? or * to list all spells.
Aiming: Magic Dart
Press: ? - help, Shift-Dir - straight line, f/p - adder
Aim: an adder (lightly wounded)
The magic dart hits the adder.
The adder is heavily wounded.
The hobgoblin shouts!
Casting: Magic Dart
Confirm with . or Enter, or press ? or * to list all spells.
Aiming: Magic Dart
Press: ? - help, Shift-Dir - straight line, f/p - adder
Aim: an adder (heavily wounded)
The magic dart hits the adder.
You kill the adder!
Your Conjurations skill increases to level 5!
You have reached level 3!
Your experience leads to an increase in your attributes!
Increase (S)trength, (I)ntelligence, or (D)exterity?
You feel clever.
You feel agile.
Unknown command.
Casting: Magic Dart
Confirm with . or Enter, or press ? or * to list all spells.
Aiming: Magic Dart
Press: ? - help, Shift-Dir - straight line, f - hobgoblin
Aim: a hobgoblin, wielding a club The magic dart hits the hobgoblin.
The hobgoblin is almost dead.
Casting: Magic Dart
Confirm with . or Enter, or press ? or * to list all spells.
Aiming: Magic Dart
Press: ? - help, Shift-Dir - straight line, f/p - hobgoblin
Aim: a hobgoblin, wielding a club (almost dead)
The magic dart hits the hobgoblin.
The hobgoblin is almost dead.
Jessica the Apprentice Sorceress comes into view.
She is wielding a dagger.
Casting: Magic Dart
Confirm with . or Enter, or press ? or * to list all spells.
Aiming: Magic Dart
Press: ? - help, Shift-Dir - straight line, f/p - hobgoblin
Aim: a hobgoblin, wielding a club (almost dead)
The magic dart hits the hobgoblin.
You kill the hobgoblin!
Jessica drinks a potion.
Jessica flickers and vanishes!
Deactivating autopickup; reactivate with Ctrl-A.
Things that are here:
a club; a hobgoblin corpse You see here an adder corpse.
You butcher the adder corpse.
You see here a chunk of flesh.
f - 2 chunks of flesh (gained 1)
You hear some strange, mumbled words.
Things that are here:
a club; a hobgoblin corpse Pain shoots through your body!
Ouch! That really hurt!
* * * LOW HITPOINT WARNING * * *
Unknown command.
You hear some strange, mumbled words.
Pain shoots through your body!
* * * LOW HITPOINT WARNING * * *
Unknown command.
Pain shoots through your body!
You die...

##+## #.# ###.###
#.# # .....# #.#
#.##.#.# #.#
#.#....# #.#
#......######.#
###.#..)........#
.........########
##.##.@.#
#.##.#.# #......#
####.### #)# #.#
#.# #># #.#


There were no monsters in sight!

Vanquished Creatures
  An adder (D:2)
  A dart slug (D:1)
  4 goblins (D:1)
  4 hobgoblins
  3 bats (D:1)
  A frilled lizard (D:1)
  6 kobolds (D:1)
  2 rats
22 creatures vanquished.

Vanquished Creatures (others)
  A frilled lizard (D:1)
1 creature vanquished.

Grand Total: 23 creatures vanquished

Notes
Turn   | Place    | Note
-------+----------+-------------------------------------------
     0 | D:1      | Monsterracer the High Elf Conjurer began the quest for the Orb.
     0 | D:1      | Reached XP level 1. HP: 11/11 MP: 4/4
   342 | D:1      | Reached XP level 2. HP: 17/17 MP: 2/6
   346 | D:1      | Learned a level 2 spell: Searing Ray
  1200 | D:2      | Reached skill level 5 in Conjurations
  1200 | D:2      | Reached XP level 3. HP: 21/21 MP: 4/8
  1204 | D:2      | Noticed Jessica
  1210 | D:2      | HP: 10/21 [something/nerve-wracking pain (11)]
  1212 | D:2      | HP: 2/21 [something/nerve-wracking pain (8)]
  1213 | D:2      | Killed from afar by Jessica

Skill      XL: |  1  2 |
---------------+-------+-----
Spellcasting   | 3 |  3.2
Conjurations   | 5 |  5.1
Dodging        | |  2.1
Stealth        | |  2.1

Action                   || total
-------------------------++-------
 Cast: Magic Dart        ||    40
  Eat: Chunk             ||     1
Dodge: Dodged            ||     3

Vault maps used:
D:1:      saegor_arrival_miasma
D:2:      first_bread, uniq_jessica
